 Dungeon Crawl Stone Soup version 0.32-a0-799-g95e1662365 (webtiles) character file.

Game seed: 7516919092596462175

48 smashvw the Chucker (level 3, -3/31 HPs)
             Began as a Gnoll Wanderer on Mar 22, 2024.
             Slain by a goblin
             ... wielding a +0 club
             ... led by Robin
              (5 damage)
             ... on level 2 of the Dungeon.
             The game lasted 00:01:57 (1121 turns).

smashvw the Chucker (Gnoll Wanderer)                Turns: 1121, Time: 00:01:57

Health: -3/31      AC:  3    Str: 10    XL:     3   Next: 72%
Magic:  4/4        EV:  9    Int:  8    God:
Gold:   42         SH:  5    Dex: 17    Spells: 4/4 levels left

rFire   . . .        a - +2 dagger
rCold   . . .        d - +0 buckler
rNeg    . . .        f - +0 leather armour
rPois   .            (no helmet)
rElec   .            (no cloak)
rCorr   .            (no gloves)
SInv    .            (no boots)
Will    .....        (no amulet)
Stlth   +++          (no ring)
HPRegen 0.25/turn    (no ring)
MPRegen 0.09/turn

%: no passive effects
@: no status effects
A: fangs 1, strong nose, distributed training
a: no special abilities


You were on level 2 of the Dungeon.
You visited 1 branch of the dungeon, and saw 2 of its levels.

You collected 42 gold pieces.

Inventory:

Hand Weapons
 a - a +2 dagger (weapon)
Missiles
 b - a curare-tipped dart (quivered)
Armour
 d - a +0 buckler (worn)
 f - a +0 leather armour (worn)
Scrolls
 c - 3 scrolls of identify {unknown}
 e - a scroll of fog
 g - 2 scrolls of blinking {unknown}
 h - a scroll of immolation {unknown}
 i - a scroll of vulnerability {unknown}


   Skills:
 + Level 4.6 Fighting
 + Level 1.0 Short Blades
 + Level 1.0 Long Blades
 + Level 1.0 Axes
 + Level 2.6 Maces & Flails
 + Level 1.0 Polearms
 + Level 1.0 Staves
 + Level 1.0 Ranged Weapons
 + Level 6.5 Throwing
 + Level 2.6 Armour
 + Level 1.0 Dodging
 + Level 4.2 Stealth
 + Level 2.6 Shields
 + Level 1.0 Unarmed Combat
 + Level 1.0 Spellcasting
 + Level 0.7 Conjurations
 + Level 0.7 Hexes
 + Level 0.7 Summonings
 + Level 0.7 Necromancy
 + Level 0.7 Translocations
 + Level 0.7 Fire Magic
 + Level 0.7 Ice Magic
 + Level 0.7 Air Magic
 + Level 0.7 Earth Magic
 + Level 0.7 Alchemy
 + Level 1.0 Invocations
 + Level 1.0 Evocations
 + Level 0.8 Shapeshifting


You had 4 spell levels left.
You didn't know any spells.
Your spell library contained the following spells:

 Spells                   Type           Power      Damage    Failure   Level
 Call Imp                 Summ           2%         N/A       65%         2
 Sublimation of Blood     Necr           1%         N/A       65%         2
 Alistair's Intoxication  Alch           0%         N/A       100%        5
 Borgnjor's Vile Clutch   Necr/Erth      0%         N/A       100%        5
 Eringya's Noxious Bog    Alch           0%         4d6       100%        6
 Summon Hydra             Summ           0%         N/A       100%        7


Dungeon Overview and Level Annotations

Branches:
Dungeon (2/15)

Altars:

Annotations:
D:2 Robin


Innate Abilities, Weirdness & Mutations

You have very sharp teeth.
Your uncanny sense of smell can sniff out nearby items.
Your experience applies equally to all skills.


Message History

The goblin attacks as it pursues you! You block the goblin's attack.
The goblin attacks as it pursues you! You block the goblin's attack.
There is a stone staircase leading down here.
You hit the goblin.
The goblin is severely wounded.
The goblin hits you but does no damage.
You hit the goblin.
You kill the goblin!
You hit the goblin.
The goblin is heavily wounded.
The goblin hits you with a +0 club.
* * * LOW HITPOINT WARNING * * *
You barely miss the goblin. You bite the goblin, but do no damage.
The goblin is heavily wounded.
The goblin barely misses you.
You hit the goblin.
You kill the goblin!
You barely miss the goblin. Your bite misses the goblin.
The goblin hits you with a +0 club.
* * * LOW HITPOINT WARNING * * *
Robin throws the goblin at you!
You hit the goblin but do no damage. The goblin closely misses you. x2
You closely miss the goblin. The goblin barely misses you.
The goblin hits you with a +0 club.
* * * LOW HITPOINT WARNING * * *
You closely miss the goblin. Your bite misses the goblin.
The goblin closely misses you. You block the goblin's attack.
You closely miss the goblin. The goblin barely misses you.
You block the goblin's attack.
Robin roars a battlecry!
The goblins go into a battle-frenzy!
You aren't carrying any potions.
You closely miss the goblin. Your bite misses the goblin.
The goblin hits you with a +0 club.
* * * LOW HITPOINT WARNING * * *
The goblin hits you but does no damage.
You hit the goblin.
The goblin is severely wounded.
The goblin hits you with a +0 club.
You die...

#.....# #...g.# #.#
#. #.....# #.#
#g.##.....# #.#
#.g.......# #.#
#..##.g)..###.#
.##......##.# ##.#
..........##g###....#
#.##.#####.gggg@g.#
##.#.........g######
...#..........#
####..........#
#..........#
#..........#
#..........#
#..........#
####..........# ∆


You could see Robin and 6 goblins.

Vanquished Creatures
  An adder (D:2)
  A dart slug (D:2)
  3 bats (D:1)
  An endoplasm (D:1)
  2 giant cockroaches (D:1)
  5 goblins
  5 jackals (D:2)
  6 kobolds (D:1)
  A quokka (D:1)
  6 ball pythons
  A frilled lizard (D:1)
  A rat (D:1)
33 creatures vanquished.

Notes
Turn   | Place    | Note
-------+----------+-------------------------------------------
     0 | D:1      | smashvw the Gnoll Wanderer began the quest for the Orb.
     0 | D:1      | smashvw set off with the following items: a +2 dagger, a
                  | curare-tipped dart, a +0 mace, a +0 buckler, a scroll of
                  | fog, a +0 leather armour.
     0 | D:1      | Reached XP level 1. HP: 20/20 MP: 1/1
    95 | D:1      | Reached XP level 2. HP: 26/26 MP: 2/2
   693 | D:2      | Reached XP level 3. HP: 21/31 MP: 3/3
   699 | D:2      | Reached skill level 1 in Invocations
  1094 | D:2      | Reached skill level 1 in Short Blades
  1094 | D:2      | Reached skill level 1 in Long Blades
  1094 | D:2      | Reached skill level 1 in Axes
  1094 | D:2      | Reached skill level 1 in Polearms
  1094 | D:2      | Reached skill level 1 in Staves
  1094 | D:2      | Reached skill level 1 in Ranged Weapons
  1094 | D:2      | Reached skill level 1 in Dodging
  1094 | D:2      | Reached skill level 1 in Unarmed Combat
  1094 | D:2      | Reached skill level 1 in Spellcasting
  1094 | D:2      | Reached skill level 1 in Evocations
  1100 | D:2      | Noticed Robin
  1120 | D:2      | HP: 1/31 [goblin/+0 club[Robin] (5)]
  1121 | D:2      | Slain by a goblin

Illustrated notes

Levels and vault maps discovered:
D:1:      dpeg_arrival_rooms_c, layout_basic
D:2:      layout_basic, minmay_misc_feat_more_columns, minmay_pentomino_s2,
          uniq_terence, uniq_robin

Skill      XL: |  1  2  3 |
---------------+----------+-----
Invocations    | 1 |  1.0
Short Blades   | 1 |  1.0
Long Blades    | 1 |  1.0
Axes           | 1 |  1.0
Polearms       | 1 |  1.0
Staves         | 1 |  1.0
Ranged Weapons | 1 |  1.0
Dodging        | 1 |  1.0
Unarmed Combat | 1 |  1.0
Spellcasting   | 1 |  1.0
Evocations     | 1 |  1.0
Fighting       | |  4.6
Maces & Flails | |  2.6
Throwing       | |  6.5
Armour         | |  2.6
Stealth        | |  4.2
Shields        | |  2.6
Conjurations   | |  0.7
Hexes          | |  0.7
Summonings     | |  0.7
Necromancy     | |  0.7
Translocations | |  0.7
Fire Magic     | |  0.7
Ice Magic      | |  0.7
Air Magic      | |  0.7
Earth Magic    | |  0.7
Alchemy        | |  0.7
Shapeshifting  | |  0.8

Action                     || total
---------------------------++-------
  Melee: Dagger            ||   116
         Bite              ||    10
   Stab: Sleeping          ||     2
 Armour: Leather armour    ||   103
  Dodge: Dodged            ||    66
  Block: Buckler           ||    41

Table legend: (Time is in decaauts)
 A = Elapsed time spent in this place.
 B = Non-inter-level travel time spent in this place.
 C = Inter-level travel time spent in this place.
 D = Time resting spent in this place.
 E = Time spent auto-exploring this place.
 F = Levels seen in this place.
 G = Mean time per level.
                   A        B        C        D        E       F      G
               +--------+--------+--------+--------+--------+-----+--------+
         Total |   1124 |   1069 |     55 |      0 |    813 |   2 |  562.0 |
       Dungeon |   1124 |   1069 |     55 |      0 |    813 |   2 |  562.0 |
               +--------+--------+--------+--------+--------+-----+--------+

Top non-repeatable levels by time:
     D:1: 671 daAuts
     D:2: 453 daAuts
